 Dungeon Crawl Stone Soup version 0.31-a0-112-gdf0485fa37 (webtiles) character file.

Game seed: 14638418495115747689

2107 benadryl the Destroyer (level 8, -1/57 HPs)
             Began as a Demigod Conjurer on May 28, 2023.
             Killed from afar by Maggie (15 damage)
             ... with a bolt of fire
             ... on level 7 of the Dungeon.
             The game lasted 00:15:11 (8724 turns).

benadryl the Destroyer (Demigod Conjurer)           Turns: 8724, Time: 00:15:12

Health: -1/57      AC:  7    Str:  8    XL:     8   Next: 80%
Magic:  15/21      EV: 12    Int: 34    God:
Gold:   256        SH:  0    Dex: 18    Spells: 12/19 levels left

rFire   . . .        g - +4 dagger (flame)
rCold   . . .        (no shield)
rNeg    . . .        a - +0 robe
rPois   .            n - +0 helmet
rElec   .            C - +2 cloak
rCorr   .            y - +0 pair of gloves
SInv    .            (no boots)
Will    .....        (no amulet)
Stlth   ++           d - +6 ring of intelligence
HPRegen 0.29/turn    e - +6 ring of dexterity
MPRegen 0.17/turn

%: no passive effects
@: mesmerised
A: high MP 1, forlorn, divine attributes
a: no special abilities


You were on level 7 of the Dungeon.
You visited 1 branch of the dungeon, and saw 7 of its levels.
You also visited: Ossuary.

You collected 398 gold pieces.
You spent 142 gold pieces at shops.

Inventory:

Hand Weapons
 c - a +0 whip
 g - a +4 dagger of flaming (weapon)
Missiles
 b - 2 poisoned darts
Armour
 a - a +0 robe (worn)
 n - a +0 helmet (worn)
 w - a +0 buckler
 y - a +0 pair of gloves (worn)
 C - a +2 cloak (worn)
Magical Staves
 t - a staff of air
Jewellery
 d - a +6 ring of intelligence (left hand)
 e - a +6 ring of dexterity (right hand)
Wands
 s - a wand of paralysis (15)
 z - a wand of mindburst (5)
 G - a wand of roots (24)
 H - a wand of flame (13)
Scrolls
 h - 2 scrolls of brand weapon
 i - 3 scrolls of immolation {unknown}
 j - a scroll of poison {unknown}
 l - a scroll of torment {unknown}
 q - 5 scrolls of teleportation
 u - 3 scrolls of fear {unknown}
 v - a scroll of vulnerability {unknown}
 x - a scroll of noise {unknown}
 A - 2 scrolls of amnesia {unknown}
 B - a scroll of butterflies {unknown}
 D - a scroll of enchant weapon {unknown}
 E - 2 scrolls of identify {@r1}
 F - a scroll of fog {unknown}
 K - 2 scrolls of acquirement {unknown}
 L - a scroll of magic mapping
Potions
 f - a potion of curing {@q1}
 k - a potion of might
 m - 2 potions of attraction
 p - a potion of lignification {unknown}
 r - 3 potions of mutation
 I - a potion of invisibility {unknown}
 J - 2 potions of enlightenment {unknown}


   Skills:
 - Level 1.7 Dodging
 - Level 1.7 Stealth
 - Level 6.4 Spellcasting
 - Level 8.0 Conjurations
 * Level 4.7 Translocations


You had 12 spell levels left.
You knew the following spells:

 Your Spells              Type           Power      Damage    Failure   Level
a - Magic Dart            Conj           100%       1d8       1%          1
b - Searing Ray           Conj           100%       2d8       1%          2
c - Iskenderun's Mystic   Conj/Tloc      53%        2d11      2%          4

Your spell library contained the following spells:

 Spells                   Type           Power      Damage    Failure   Level
 Shock                    Conj/Air       100%       1d9       1%          1
 Dazzling Flash           Conj/Hex       76%        N/A       2%          3
 Ensorcelled Hibernation  Hex/Ice        20%        N/A       6%          2
 Sublimation of Blood     Necr           10%        N/A       6%          2
 Fulminant Prism          Conj/Hex       19%        3d11      8%          4
 Spider Form              Tmut/Pois      10%        N/A       12%         3
 Swiftness                Air            10%        N/A       12%         3
 Irradiate                Conj/Tmut      19%        3d18      21%         5
 Airstrike                Air            5%         2d(1-17)  36%         4
 Anguish                  Hex/Necr       5%         N/A       36%         4
 Petrify                  Tmut/Erth      10%        N/A       36%         4


Dungeon Overview and Level Annotations

Branches:
Dungeon (7/15)             Temple (0/1) D:4         Ossuary (visited)

Shops:
D:3 [

Annotations:
D:5 1 runed translucent door, Esekla's ghost, weakling OpDe
D:7 Maggie


Innate Abilities, Weirdness & Mutations

You have an increased reservoir of magic. (+10% MP)
You shall have no god before yourself.
Your divine heritage dramatically boosts your attributes as you level up.


Message History

Maggie zaps a wand.
Your mind is blasted!
Casting: Iskenderun's Mystic Blast (dangerous; 2% risk of failure)
Confirm with . or Enter, or press ? or * to list all spells.
Aiming: Searing Ray (safe; 1% risk of failure)
Press: ? - help, Shift-Dir - straight line, f - Maggie
Aim: Maggie, wielding a +1 long sword of holy wrath, wearing +0 steam dragon scales and carrying a wand of mindburst (14) (moderately wounded, mesmerising, 83% to hit)
The searing ray hits Maggie!
Maggie is heavily wounded. (Press . to maintain the ray.)
The searing ray hits Maggie!
Maggie is severely wounded.
The searing ray hits Maggie.
Maggie is severely wounded.
The searing ray misses Maggie.
You finish channelling your searing ray.
Maggie casts a spell at you. The bolt of fire hits you!
* * * LOW HITPOINT WARNING * * *
You feel better.
Maggie hits you with a +1 long sword of holy wrath.
* * * LOW HITPOINT WARNING * * *
Magic courses through your body.
Maggie mumbles some strange words.
Maggie draws you further into her thrall.
Casting: Searing Ray (safe; 1% risk of failure)
Confirm with . or Enter, or press ? or * to list all spells.
You erupt in a blast of force!
The mystic blast hits Maggie.
Maggie is severely wounded.
Maggie is knocked back by the mystic blast.
Casting: Iskenderun's Mystic Blast (dangerous; 2% risk of failure)
Confirm with . or Enter, or press ? or * to list all spells.
Aiming: Searing Ray (safe; 1% risk of failure)
Press: ? - help, Shift-Dir - straight line, f/p - Maggie
Aim: Maggie, wielding a +1 long sword of holy wrath, wearing +0 steam dragon scales and carrying a wand of mindburst (14) (severely wounded, mesmerising, 83% to hit)
The searing ray hits Maggie!
Maggie is almost dead. (Press . to maintain the ray.) Maggie gestures at you while chanting.
The bolt of fire hits you!
You die...

..##'##...
...........
..........
.......# #...@.#
#.....# #.....# #
#@....# #
#.....##### #
##'##.....########
#..#.............
#..#.............
#..#.............
#####.............
#.....#########...
#.....+..#....'...


You could see Maggie (mesmerising).

Vanquished Creatures
  Prince Ribbit (D:6)
  Sigmund (D:5)
  2 wraiths (Ossuary)
  A water moccasin (D:5)
  Duvessa (D:7)
  An ogre (D:5)
  2 phantoms
  2 scorpions
  Dowan (D:7)
  5 wights
  A jelly (D:7)
  3 hounds
  2 sleepcaps
  Jessica (D:2)
  3 iguanas
  2 orc wizards
  Robin (D:3)
  11 adders
  2 ufetubi
  An adder zombie (Ossuary)
  A worm (D:3)
  2 dart slugs (D:3)
  18 orcs
  7 ball pythons
  6 endoplasms
  5 giant cockroaches
  16 goblins
  8 hobgoblins
  8 jackals
  7 quokkas
  A ball python skeleton (Ossuary)
  3 bats
  5 frilled lizards
  4 hobgoblin skeletons (Ossuary)
  2 hobgoblin zombies (Ossuary)
  3 kobolds
  A kobold zombie (Ossuary)
  5 rats
146 creatures vanquished.

Notes
Turn   | Place    | Note
-------+----------+-------------------------------------------
     0 | D:1      | benadryl the Demigod Conjurer began the quest for the Orb.
     0 | D:1      | Reached XP level 1. HP: 14/14 MP: 5/5
   244 | D:1      | Reached XP level 2. HP: 18/20 MP: 5/8
   676 | D:1      | Learned a level 2 spell: Searing Ray
  1362 | D:2      | Noticed Jessica
  1367 | D:2      | Killed Jessica
  1368 | D:2      | Reached XP level 3. HP: 26/26 MP: 3/10
  1885 | D:3      | Found Vaogoj's Antique Armour Shoppe.
  2093 | D:3      | Reached XP level 4. HP: 33/33 MP: 9/12
  2774 | D:3      | Noticed Robin
  2789 | D:3      | Killed Robin
  2966 | D:3      | Reached XP level 5. HP: 38/38 MP: 8/15
  3580 | D:4      | Reached skill level 5 in Spellcasting
  4086 | D:4      | Found a staircase to the Ecumenical Temple.
  4159 | D:4      | Reached XP level 6. HP: 26/45 MP: 6/17
  4653 | D:5      | Entered Level 5 of the Dungeon
  4654 | D:5      | Noticed a water moccasin
  4660 | D:5      | Killed a water moccasin
  4954 | D:5      | Found a runed translucent door.
  4961 | D:5      | Noticed Esekla's ghost (weakling OpDe)
  5080 | D:5      | Reached skill level 4 in Conjurations
  5162 | D:5      | Noticed Sigmund
  5180 | D:5      | Killed Sigmund
  5181 | D:5      | Reached XP level 7. HP: 50/50 MP: 13/20
  5286 | D:3      | Bought a glowing cloak for 142 gold pieces
  5538 | D:5      | Reached skill level 5 in Conjurations
  6028 | D:6      | Reached skill level 6 in Conjurations
  6250 | D:6      | Noticed Prince Ribbit
  6264 | D:6      | Killed Prince Ribbit
  6265 | D:6      | Reached skill level 7 in Conjurations
  6265 | D:6      | Reached XP level 8. HP: 6/57 MP: 11/21
  6593 | D:6      | Found a sand-covered staircase.
  6605 | Ossuary  | Entered an ossuary
  6944 | Ossuary  | Reached skill level 8 in Conjurations
  7117 | Ossuary  | Learned a level 4 spell: Iskenderun's Mystic Blast
  8367 | D:7      | Noticed Duvessa
  8369 | D:7      | Noticed Dowan
  8381 | D:7      | Killed Duvessa
  8388 | D:7      | Killed Dowan
  8702 | D:7      | Noticed Maggie
  8724 | D:7      | Killed from afar by Maggie

Illustrated notes

Levels and vault maps discovered:
D:1:      psy_arrival_radial01, layout_basic, hangedman_decor_points,
          minmay_pentomino_w2
D:2:      layout_loops_ring, uniq_jessica
D:3:      kennysheep_goblin_castle, layout_loops_corners,
          nicolae_overflow_ecumenical_swirl, serial_shops, shop
D:4:      layout_loops_ring, temple_hall, solitary_fountain
D:5:      layout_basic, makhleb_heckhound_becter, ebering_ghost_sewer_d,
          uniq_sigmund
D:6:      layout_cave_pods, nemelex_diamond_rough_becter,
          nicolae_overflow_crystal_walls, chequers_temple_overflow_minitemple,
          lightli_ossuary_entry_decrepit_ruins, uniq_prince_ribbit1
D:7:      layout_gridville, mainiacjoe_overflow_paths, st_stairs_9, uniq_maggie,
          uniq_duvessa

Skill      XL: |  1  2  3  4  5  6  7  8 |
---------------+-------------------------+-----
Spellcasting   | 2 3 4 5 6 |  6.4
Conjurations   | 4 7 8 |  8.0
Translocations | 4 |  4.7
Dodging        | |  1.7
Stealth        | |  1.7

Action                     |  1- 3 |  4- 6 |  7- 9 || total
---------------------------+-------+-------+-------++-------
  Melee: Unarmed           |     7 |       |       ||     7
         Whip              |     2 |       |       ||     2
         Dagger            |       |     1 |       ||     1
   Cast: Magic Dart        |    71 |   135 |   120 ||   326
         Searing Ray       |     1 |     9 |    16 ||    26
         Iskenderun's Myst |       |       |    10 ||    10
    Use: Potion            |     1 |       |     3 ||     4
         Scroll            |     5 |     2 |     1 ||     8
 Armour: Robe              |     9 |     7 |    14 ||    30
  Dodge: Dodged            |    36 |    22 |    32 ||    90

Table legend: (Time is in decaauts)
 A = Elapsed time spent in this place.
 B = Non-inter-level travel time spent in this place.
 C = Inter-level travel time spent in this place.
 D = Time resting spent in this place.
 E = Time spent auto-exploring this place.
 F = Levels seen in this place.
 G = Mean time per level.
                   A        B        C        D        E       F      G
               +--------+--------+--------+--------+--------+-----+--------+
         Total |   8770 |   8051 |    719 |   1756 |   5307 |   8 | 1096.2 |
       Dungeon |   7817 |   7098 |    719 |   1082 |   5299 |   7 | 1116.7 |
       Ossuary |    953 |    953 |      0 |    674 |      8 |   1 |  953.0 |
               +--------+--------+--------+--------+--------+-----+--------+

Top non-repeatable levels by time:
     D:3: 1675 daAuts
     D:4: 1281 daAuts
     D:5: 1203 daAuts
     D:6: 1151 daAuts
     D:1: 1014 daAuts
 Ossuary: 953 daAuts
     D:2: 831 daAuts
     D:7: 659 daAuts
